 Dungeon Crawl Stone Soup version 0.21.1-1-g345015f (webtiles) character file.

397230 Miyamura the Eclecticist (level 22, -3/159 HPs)
             Began as a Mummy Fire Elementalist on Feb 6, 2018.
             Was the Champion of Vehumet.
             Slain by a deep troll (10 damage)
             ... on level 5 of the Depths on Feb 9, 2018.
             The game lasted 05:19:59 (103784 turns).

Miyamura the Eclecticist (MuFE)                   Turns: 103784, Time: 05:20:00

Health: -3/159     AC: 14    Str: 12    XL:     22   Next: 21%
Magic:  10/45      EV: 20    Int: 30    God:    Vehumet [******]
Gold:   3224       SH: 15    Dex: 14    Spells: 3/59 levels left

rFire    + . .     SeeInvis +   O - +10 scimitar of the Priest {flame, Int+8}
rCold    + + .     Gourm    .   e - +2 buckler
rNeg     + + +     Faith    .   k - +2 robe {rC+ rF+}
rPois    ∞         Spirit   .   t - +2 helmet
rElec    .         Reflect  +   m - +2 cloak {+Inv}
rCorr    .         Harm     .   i - +2 pair of gloves
MR       ++...                  a - +0 pair of boots
Stlth    ++........             g - brooch of Shielding {Reflect SH+8}
HPRegen  0.36/turn              N - ring of Xom's Fair Game {Wiz +Fly SInv}
MPRegen  0.29/turn              B - ring of protection from fire

@: very slightly contaminated
A: no food or potions, fire vulnerability, cold resistance 1, negative energy
resistance 3, torment resistance, unbreathing, in touch with death 1
}: 2/15 runes: decaying, serpentine
a: Renounce Religion, Evoke Invisibility, Evoke Flight


You were on level 5 of the Depths.
You worshipped Vehumet.
Vehumet was exalted by your worship.
You were not hungry.

You visited 8 branches of the dungeon, and saw 40 of its levels.
You also visited: Sewer.

You collected 5747 gold pieces.
You spent 2523 gold pieces at shops.

Inventory:

Hand Weapons
 q - the +9 staff of Wucad Mu {channel}
   (You found it on level 4 of the Dungeon)
 O - the +10 scimitar of the Priest (weapon) {flame, Int+8}
   (You found it on level 5 of the Lair of Beasts)

   It has been specially enchanted to burn those struck by it, causing extra
   injury to most foes and up to half again as much damage against particularly
   susceptible opponents.
   Big, fiery blades are also staple armaments of hydra-hunters.
   It affects your intelligence (+8).
Missiles
 j - 799 stones (quivered)
Armour
 a - a +0 pair of boots (worn)
 e - a +2 buckler (worn)
 i - a +2 pair of gloves (worn)
 k - a +2 robe of resistance (worn)
 m - a +2 cloak of invisibility (worn)
 t - a +2 helmet (worn)
Magical Staves
 f - an uncursed staff of air
 w - an uncursed staff of power
 z - an uncursed staff of fire
Jewellery
 d - an uncursed ring of protection from magic
 g - the brooch of Shielding (around neck) {Reflect SH+8}
   (You found it on level 1 of the Depths)

   [amulet of reflection]

   It shields you and reflects attacks.
   It affects your SH (+8).
 r - an uncursed ring of protection from fire
 B - a ring of protection from fire (right hand)
 N - the ring of Xom's Fair Game (left hand) {Wiz +Fly SInv}
   (You took it off a deep elf mage on level 3 of the Elven Halls)

   [ring of wizardry]

   It improves your spell success rate.
   It lets you see invisible.
   It lets you fly.
 S - an uncursed amulet of regeneration
Wands
 n - a wand of polymorph (8)
 s - a wand of iceblast (41)
 A - a wand of paralysis (4)
 C - a wand of random effects (27)
 F - a wand of digging (48)
 G - a wand of acid (4)
 I - a wand of disintegration (25)
 K - a wand of enslavement (37)
 L - a wand of flame (53)
 M - a wand of clouds (8)
Scrolls
 b - 2 scrolls of magic mapping
 c - 3 scrolls of blinking
 h - 23 scrolls of remove curse
 p - 7 scrolls of teleportation
 v - a scroll of enchant armour
 x - 6 scrolls of fog
 D - a scroll of brand weapon
 H - 3 scrolls of enchant weapon
 J - a scroll of immolation
Books
 u - a book of Necromancy

   Spells                             Type                      Level
   a - Pain                           Necromancy                   1
   b - Animate Skeleton               Necromancy                   1
   c - Vampiric Draining              Necromancy                   3
   d - Regeneration                   Charms/Necromancy            3
   e - Animate Dead                   Necromancy                   4
   f - Borgnjor's Vile Clutch         Necromancy/Earth             5
Miscellaneous
 l - a fan of gales
 o - a lightning rod (4/4)
 y - a sack of spiders
 P - a phantom mirror
 T - a lamp of fire
 V - a box of beasts


   Skills:
 - Level 10.1 Fighting
 - Level 11.7 Dodging
 - Level 3.0 Stealth
 - Level 4.5 Shields
 + Level 19.1 Spellcasting
 * Level 15.6 Conjurations
   Level 3.9 Summonings
 - Level 8.7 Necromancy
 * Level 14.5 Fire Magic
 - Level 10.0 Ice Magic
 - Level 4.5 Air Magic
 - Level 4.4 Earth Magic
 - Level 4.6 Poison Magic
 - Level 11.6 Evocations


You had 3 spell levels left.
You knew the following spells:

 Your Spells              Type           Power        Failure   Level  Hunger
a - Sandblast             Erth           ######       1%          1    N/A
b - Blink                 Tloc           N/A          1%          2    N/A
c - Mephitic Cloud        Conj/Pois/Air  ######..     1%          3    N/A
d - Bolt of Draining      Conj/Necr      ########..   1%          5    N/A
e - Fireball              Conj/Fire      #######...   1%          5    N/A
f - Fire Storm            Conj/Fire      #######...   21%         9    N/A
i - Iron Shot             Conj/Erth      ######....   1%          6    N/A
m - Magic Dart            Conj           ####         0%          1    N/A
p - Poison Arrow          Conj/Pois      ######....   1%          6    N/A
r - Freezing Cloud        Conj/Ice/Air   ######....   1%          6    N/A
s - Sticky Flame          Conj/Fire      #######.     1%          4    N/A
D - Deflect Missiles      Chrm/Air       #####.....   32%         6    N/A
S - Swiftness             Chrm/Air       #####...     1%          2    N/A

Dungeon Overview and Level Annotations

Branches:
Dungeon (15/15)            Temple (1/1) D:7            Lair (6/6) D:9
  Swamp (4/4) Lair:3        Snake (4/4) Lair:2        Slime (0/5) Lair:5
    Orc (2/2) D:12            Elf (3/3) Orc:2        Vaults (0/5) D:13
 Depths (5/5) D:15
    Zot: Depths:5

Altars:
Ashenzari
Cheibriados
Dithmenos
Elyvilon
Fedhas
Gozag
Hepliaklqana
Kikubaaqudgha
Makhleb
Nemelex Xobeh
Okawaru
Qazlal
Ru
Sif Muna
Trog
Uskayaw
Vehumet
Wu Jian
Xom
Yredelemnul
Zin
The Shining One
Beogh
Lugonu

Shops:
D:14 }   Orc:2 }([([   Elf:2 [   Elf:3 [   Snake:1 *(   Snake:4 (   Depths:3 [

Portals:
Hell: Depths:1 Depths:2 Depths:3 Depths:4 Depths:5
Abyss: Depths:3 Depths:4
Pandemonium: Depths:1 Depths:2 Depths:3 Depths:4
Ziggurat: Depths:3

Annotations:
D:2 Sigmund
D:6 trianova's ghost, novice DsGl
D:7 exclusion: 2 downstairs
D:8 exclusion: 2 downstairs
D:9 exclusion: downstairs
Lair:1 exclusion: oklob plant
Depths:1 exclusions: door and 3 more exclusions
Depths:3 Baghtru's ghost, veteran HOFi
Depths:4 32 runed doors


Innate Abilities, Weirdness & Mutations

You do not eat or drink.
Your flesh is vulnerable to fire.
You are immune to poison.
Your flesh is cold resistant. (rC+)
You are immune to negative energy. (rN+++)
You are immune to unholy pain and torment.
You can survive without breathing.
You are in touch with the powers of death.


Message History

You hear a distant "Zot"!
Evoke which item? (* to show all) (? for menu, Esc to quit)
Aiming: Corrosive Bolt
Press: ? - help, Shift-Dir - straight line, f/p - deep troll shaman
Aim: a deep troll shaman (heavily wounded)
The bolt of acid hits the deep troll shaman.
The deep troll shaman is splashed with acid.
The acid corrodes the deep troll shaman!
You kill the deep troll shaman!
Vehumet accepts your kill.
You feel your power returning. The deep troll bites you!
You block the deep troll's attack. The deep troll claws you.
You block the deep troll's attack. x2; The deep troll misses you.
Evoke which item? (* to show all) (? for menu, Esc to quit)
Aiming: Corrosive Bolt
Press: ? - help, Shift-Dir - straight line, f - deep troll
Aim: a deep troll (severely wounded, fast, unusually strong, covered in acid)
The bolt of acid misses the deep troll.
The deep troll bites you!! The deep troll claws you!
You die...

###.......∩......###
####.....(............#
##..#.......⌠..⌠.......#
....''................++
.....#.###########''#.#
....####..)..##...).####
..###...##..†''...##...###
.##..##⌠#.)))''....#8##..##
##...#....)..##.@T....#...##
#.......############.......#
#.....### ###.....## ##..###
###..''### #### ###''..##
##....## #.....# ##....#
#.....


You could see a deep troll.

Vanquished Creatures
  5 caustic shrikes (Depths:4)
  Saint Roka (Depths:3)
  4 golden dragons
  Jory (Depths:4)
  Jorgrun (Depths:4)
  3 tentacled monstrosities (Depths:4)
  2 liches
  3 deep elf blademasters
  A titan (Depths:4)
  4 deep elf master archers (Elf:3)
  Gastronok (Lair:2)
  Agnes (Snake:1)
  2 sphinxes (Depths:2)
  2 thorn hunters
  Kirke (Swamp:2)
  A shadow dragon (Depths:4)
  A storm dragon (Depths:4)
  13 nagarajas
  Roxanne (D:14)
  2 tengu reavers (Depths:4)
  2 daevas (Depths:3)
  2 iron dragons (Depths:4)
  4 deep elf sorcerers (Elf:3)
  6 fire giants
  2 draconian knights (Depths:2)
  3 frost giants
  A balrug (Depths:4)
  2 deep elf elementalists (Elf:3)
  A reaper (Depths:3)
  A draconian shifter (Depths:2)
  3 spriggan defenders (Depths:4)
  A caustic shrike skeleton (Depths:2)
  An entropy weaver (Depths:4)
  4 stone giants
  4 very ugly things (Depths:2)
  2 draconian annihilators (Depths:2)
  A vampire knight (Depths:3)
  6 deep elf demonologists
  8 deep elf annihilators
  A spark wasp (Depths:4)
  6 deep elf death magi
  10 ettins
  Josephine (Lair:4)
  7 fire dragons
  3 great orbs of eyes
  2 yaktaur captains
  5 ice dragons
  A vault guard (D:13)
  18 naga warriors
  6 deep elf high priests
  A spriggan air mage (Depths:3)
  A catoblepas (Lair:6)
  3 rakshasas
  6 centaur warriors
  19 hydras
  6 anacondas
  8 deep troll shamans
  33 dancing weapons
  4 death yaks
  19 two-headed ogres
  4 ogre magi
  10 alligators
  16 naga sharpshooters
  4 tengu warriors
  2 deep troll earth magi (Depths:1)
  A spriggan berserker (Depths:5)
  A storm dragon zombie (Depths:2)
  18 deep elf knights
  6 shock serpents
  Nergalle (Orc:1)
  5 hell knights
  4 iron trolls
  A salamander mystic (Snake:4)
  A skeletal warrior (D:15)
  A sixfirhy (Depths:3)
  7 naga ritualists
  13 deep trolls
  8 unseen horrors
  7 shambling mangroves
  An infernal demonspawn (Depths:3)
  A golden dragon skeleton (Depths:2)
  9 swamp dragons
  3 flayed ghosts
  6 necromancers
  A spriggan druid (Swamp:3)
  A deep troll (shapeshifter) (Depths:3)
  10 deep elf archers
  8 orc knights
  44 deep elf magi
  18 ugly things
  A wolf spider (shapeshifter) (Depths:4)
  12 mana vipers
  An oklob plant (Depths:2)
  3 orc sorcerers
  4 lindwurms
  7 salamanders
  4 manticores
  2 stone giant zombies
  6 cyclopes
  Maurice (D:10)
  A frost giant skeleton (Depths:1)
  A moth of wrath (Lair:3)
  35 black mambas
  Joseph (D:7)
  5 guardian serpents
  2 fire giant skeletons
  2 torpor snails
  2 gargoyles
  20 naga magi
  12 spiny frogs
  The ghost of tidbits the Insei, a novice GnTm (D:7)
  6 rime drakes
  A yaktaur (shapeshifter) (Depths:3)
  A spriggan skeleton (Depths:2)
  11 komodo dragons
  17 yaktaurs
  3 kobold demonologists
  A spark wasp simulacrum (Depths:1)
  An ice devil (Depths:3)
  3 tengu conjurers
  A meliai (shapeshifter) (Depths:1)
  2 red devils
  7 trolls
  A hydra zombie (Swamp:3)
  7 polar bears
  26 hornets
  37 blink frogs
  37 slime creatures
  A slime creature (shapeshifter) (Depths:2)
  3 tyrant leeches
  A tyrant leech (shapeshifter) (D:15)
  11 hippogriffs
  5 bog bodies
  16 flying skulls (D:15)
  A centaur simulacrum (D:14)
  4 air elementals
  5 wraiths
  A tyrant leech zombie (Swamp:3)
  3 fire elementals
  A fire bat (shapeshifter) (Depths:4)
  A vampire (D:13)
  9 water elementals
  6 wyverns
  62 yaks
  19 spriggans
  5 hogs (Swamp:2)
  3 shadows
  6 basilisks
  3 hungry ghosts
  9 vampire mosquitoes
  A steam dragon (D:7)
  A chaos spawn (Depths:3)
  Menkaure (D:7)
  3 acid dragons
  8 wargs
  9 insubstantial wisps
  A soldier ant (D:10)
  21 swamp worms
  63 nagas
  17 water moccasins
  2 floating eyes
  6 porcupines
  2 hornet zombies
  A floating eye (shapeshifter) (Depths:4)
  A human skeleton (Depths:2)
  Purgy (Sewer)
  6 sky beasts
  7 black bears
  2 spriggan simulacra (Depths:2)
  57 orc warriors
  18 swamp drakes
  3 ice beasts
  4 phantoms
  14 ogres
  2 necrophages (D:8)
  A wolf (shapeshifter) (D:15)
  16 boggarts
  36 wolves
  30 centaurs
  10 crocodiles
  A crocodile (shapeshifter) (Depths:2)
  2 big kobolds (D:11)
  4 earth elementals
  20 bullfrogs
  A wyvern zombie (D:11)
  A water moccasin zombie (D:9)
  2 wyvern skeletons
  4 scorpions
  2 troll zombies (D:12)
  8 killer bees
  17 wights
  2 electric eels
  A howler monkey (D:10)
  10 crimson imps
  2 bullfrog zombies (D:5)
  7 centaur skeletons
  3 centaur zombies
  2 iron imps (Depths:3)
  6 jellies
  9 hounds
  Crazy Yiuf (D:6)
  3 bullfrog skeletons
  17 orc priests
  5 iguanas
  28 orc wizards
  A hell rat (D:9)
  9 worker ants
  A killer bee zombie (D:8)
  4 ogre zombies (D:12)
  3 hound skeletons
  A mummy (D:8)
  A howler monkey zombie (D:6)
  3 worker ant zombies
  11 gnolls
  A howler monkey skeleton (D:7)
  21 adders
  4 river rats
  3 shadow imps
  2 ufetubi (Depths:3)
  5 oozes (Lair:5)
  2 adder zombies
  2 adder skeletons
  3 worms
  2 dart slugs (D:1)
  4 leopard geckos
  114 orcs
  3 ball pythons
  10 bats
  3 giant cockroaches
  7 goblins
  7 hobgoblins
  6 jackals
  5 kobolds
  5 quokkas
  5 frilled lizards
  4 hobgoblin zombies (D:12)
  A jackal skeleton (D:5)
  2 orc skeletons (D:12)
  13 orc zombies (D:12)
  2 quokka skeletons
  5 rats
  5 fungi
  A plant (Lair:6)
1719 creatures vanquished.

Vanquished Creatures (collateral kills)
  A naga warrior (Snake:4)
  An anaconda (Snake:3)
  An alligator (Swamp:1)
  A two-headed ogre (D:10)
  A deep troll (Depths:5)
  An ugly thing (D:9)
  A cyclops (D:8)
  A troll (D:8)
  An air elemental (Depths:3)
  An insubstantial wisp (Lair:3)
  2 ogres
  A crimson imp (D:10)
  A quasit (D:9)
  An adder (D:10)
  An orc (D:10)
16 creatures vanquished.

Vanquished Creatures (others)
  2 stone giants
  2 yaktaur captains
  A centaur warrior (Depths:2)
  A deep elf mage (Elf:2)
  3 yaktaurs
  2 humans
  A floating eye (Depths:4)
  2 centaurs
  2 ball lightnings (Depths:1)
  An orc (Orc:2)
  6 bushes (Lair:6)
  77 fire vortices
  42 fungi
  17 plants
159 creatures vanquished.

Grand Total: 1894 creatures vanquished

Notes
Turn   | Place    | Note
-------+----------+-------------------------------------------
     0 | D:1      | Miyamura the Mummy Fire Elementalist began the quest for the Orb.
     0 | D:1      | Reached XP level 1. HP: 13/13 MP: 4/4
   214 | D:1      | Reached skill level 1 in Conjurations
   214 | D:1      | Reached XP level 2. HP: 16/20 MP: 3/5
   318 | D:1      | Learned a level 2 spell: Throw Flame
   475 | D:1      | Reached skill level 3 in Spellcasting
  1303 | D:2      | Reached XP level 3. HP: 25/25 MP: 7/7
  1504 | D:2      | Noticed Sigmund
  1877 | D:2      | Reached XP level 4. HP: 20/31 MP: 9/9
  1991 | D:2      | Learned a level 4 spell: Sticky Flame
  2072 | D:2      | Reached skill level 1 in Shields
  3394 | D:3      | Reached XP level 5. HP: 34/36 MP: 10/10
  4322 | D:4      | Noticed an ogre
  4734 | D:4      | Killed an ogre
  4734 | D:4      | Reached skill level 4 in Spellcasting
  4734 | D:4      | Reached XP level 6. HP: 33/42 MP: 10/12
  5919 | D:4      | Found the +9 staff of Wucad Mu {channel}
  5926 | D:4      | Reached XP level 7. HP: 46/47 MP: 13/13
  6391 | D:5      | Entered Level 5 of the Dungeon
  7195 | D:5      | Learned a level 5 spell: Fireball
  7456 | D:5      | Reached skill level 5 in Spellcasting
  7456 | D:5      | Reached skill level 1 in Evocations
  7792 | D:5      | Reached XP level 8. HP: 25/53 MP: 11/15
  8509 | D:6      | Found a glowing drain.
  8524 | Sewer    | Entered a sewer
  8710 | Sewer    | Noticed Purgy
  8726 | Sewer    | Killed Purgy
  9006 | D:6      | Found a shimmering altar of Xom.
  9060 | D:6      | Noticed trianova's ghost (novice DsGl)
  9409 | D:6      | Found a bloodstained altar of Trog.
  9495 | D:6      | Reached skill level 6 in Spellcasting
  9748 | D:6      | Found a runed door.
  9998 | D:6      | Noticed Crazy Yiuf
 10006 | D:6      | Killed Crazy Yiuf
 10299 | D:7      | Noticed tidbits's ghost (novice GnTm)
 10316 | D:7      | Noticed Menkaure
 10560 | D:7      | Killed Menkaure
 10646 | D:7      | Reached XP level 9. HP: 55/58 MP: 12/18
 11274 | D:7      | Found a hide-covered altar of Uskayaw.
 11279 | D:7      | Found an iron altar of Okawaru.
 11280 | D:7      | Found a white marble altar of Elyvilon.
 11280 | D:7      | Found a sparkling altar of Nemelex Xobeh.
 11283 | D:7      | Found a bloodstained altar of Trog.
 11340 | D:7      | Noticed Joseph
 11568 | D:6      | Reached skill level 5 in Fire Magic
 12114 | D:7      | Reached skill level 7 in Spellcasting
 12610 | D:7      | Killed Joseph
 13105 | D:7      | Killed tidbits's ghost
 13326 | D:7      | Found a staircase to the Ecumenical Temple.
 13337 | D:7      | Found a faded altar of an unknown god.
 13344 | Temple   | Entered the Ecumenical Temple
 13465 | Temple   | Became a worshipper of Vehumet
 14002 | D:8      | Noticed a cyclops
 14002 | D:8      | Noticed a deep elf mage
 14003 | D:8      | Noticed a two-headed ogre
 14004 | D:8      | Noticed a troll
 14223 | D:7      | Learned a level 1 spell: Magic Dart
 14226 | D:7      | Learned a level 2 spell: Blink
 14229 | D:7      | Learned a level 2 spell: Call Imp
 14297 | D:8      | Reached skill level 5 in Conjurations
 14471 | D:8      | Killed a deep elf mage
 14471 | D:8      | Reached XP level 10. HP: 64/64 MP: 21/21
 14706 | D:8      | Reached skill level 8 in Spellcasting
 14732 | D:8      | Reached skill level 1 in Summonings
 14993 | D:8      | Learned a level 3 spell: Mephitic Cloud
 15001 | D:8      | Reached * piety under Vehumet
 15001 | D:8      | Offered knowledge of Sandblast by Vehumet.
 15004 | D:8      | Learned a level 1 spell: Sandblast
 15234 | D:8      | Killed a two-headed ogre
 15234 | D:8      | Reached skill level 1 in Earth Magic
 15362 | D:8      | Found a shimmering altar of Xom.
 15957 | D:8      | Killed a cyclops
 15957 | D:8      | Reached skill level 5 in Dodging
 16330 | D:9      | Reached skill level 5 in Evocations
 16561 | D:9      | Noticed an eight-headed hydra
 16627 | D:9      | Found a blossoming altar of Fedhas.
 16676 | D:9      | Found a stormy altar of Qazlal.
 16677 | D:9      | Noticed a two-headed ogre
 16692 | D:9      | Killed a two-headed ogre
 16732 | D:9      | Noticed a two-headed ogre
 17173 | D:9      | Noticed a cyclops
 17732 | D:8      | Killed a cyclops
 17876 | D:9      | Reached ** piety under Vehumet
 17876 | D:9      | Offered knowledge of Shock by Vehumet.
 17882 | D:9      | Reached XP level 11. HP: 58/69 MP: 22/23
 17986 | D:9      | Noticed a death yak
 18065 | D:9      | Noticed a death yak
 18065 | D:9      | Noticed a death yak
 18569 | D:9      | Killed a two-headed ogre
 18732 | D:9      | Killed an eight-headed hydra
 18749 | D:9      | Found a staircase to the Lair.
 18878 | D:9      | Killed a death yak
 18891 | D:9      | Killed a death yak
 19064 | D:9      | Got a vibrating copper ring
 19263 | D:9      | Identified the Guide on Glacial Black Magic
 19622 | D:10     | Entered Level 10 of the Dungeon
 19622 | D:10     | Noticed a two-headed ogre
 20102 | D:10     | Noticed a red ugly thing
 20375 | D:8      | Identified the ring "Cuclut" {Fire +Blink +Fly Str-4 Dex-4 Stlth+} (You took it off an orc on level 9 of the Dungeon)
 20447 | D:9      | Killed a red ugly thing
 20556 | D:10     | Noticed Maurice
 20558 | D:10     | Reached skill level 9 in Spellcasting
 20617 | D:10     | Killed Maurice
 20705 | D:10     | Offered knowledge of Throw Frost by Vehumet.
 21311 | D:10     | Killed a two-headed ogre
 21678 | D:10     | Noticed a sea snake
 22051 | D:10     | Noticed a sea snake
 22086 | D:10     | Noticed a sea snake
 22156 | Lair:1   | Entered Level 1 of the Lair of Beasts
 22180 | Lair:1   | Reached *** piety under Vehumet
 22832 | Lair:1   | Reached XP level 12. HP: 60/75 MP: 16/25
 23403 | Lair:1   | Offered knowledge of Ignite Poison by Vehumet.
 24416 | Lair:2   | Noticed Gastronok
 24433 | Lair:2   | Killed Gastronok
 24433 | Lair:2   | Reached skill level 10 in Spellcasting
 24730 | Lair:2   | Reached **** piety under Vehumet
 24908 | Lair:2   | Offered knowledge of Force Lance by Vehumet.
 25218 | Lair:2   | Found a staircase to the Snake Pit.
 26063 | Lair:3   | Found a staircase to the Swamp.
 26131 | Lair:3   | Noticed a death yak
 26762 | Lair:3   | Gained mutation: You are in touch with the powers of death. [Mummy growth]
 26762 | Lair:3   | Reached XP level 13. HP: 77/80 MP: 27/27
 26994 | Lair:3   | Reached skill level 11 in Spellcasting
 27503 | Lair:4   | Noticed Urug
 27505 | Lair:4   | Noticed Urug
 27505 | Lair:4   | Urug changed into Urug the floating eye
 27507 | Lair:4   | Killed Urug the floating eye
 27976 | Lair:4   | Noticed Josephine
 27979 | Lair:4   | Killed Josephine
 28503 | Lair:5   | Reached skill level 1 in Fighting
 28634 | Lair:5   | Reached ***** piety under Vehumet
 28640 | Lair:5   | Offered knowledge of Bolt of Draining by Vehumet.
 28646 | Lair:5   | Got a crude scimitar
 28890 | Lair:4   | Learned a level 5 spell: Bolt of Draining
 29252 | Lair:5   | Found a staircase to the Slime Pits.
 29275 | Lair:5   | Reached skill level 1 in Necromancy
 30334 | Lair:6   | Entered Level 6 of the Lair of Beasts
 30392 | Lair:6   | Found a frozen archway.
 30960 | Lair:6   | Reached skill level 12 in Spellcasting
 31591 | Lair:6   | Reached XP level 14. HP: 61/95 MP: 29/30
 31959 | Lair:6   | Found a stormy altar of Qazlal.
 33488 | Lair:6   | Reached skill level 5 in Fighting
 33851 | Lair:6   | Identified Hierergh's Catalogue of the Warped Rocks
 34549 | D:11     | Reached skill level 5 in Necromancy
 34928 | D:11     | Offered knowledge of Fulminant Prism by Vehumet.
 36222 | D:12     | Identified the +10 scimitar of the Priest {flame, Int+8} (You found it on level 5 of the Lair of Beasts)
 36535 | D:12     | Reached skill level 13 in Spellcasting
 36735 | D:12     | Found a shattered altar of Ashenzari.
 37862 | D:12     | Found a staircase to the Orcish Mines.
 38385 | D:12     | Identified a scroll of acquirement
 38449 | Orc:1    | Entered Level 1 of the Orcish Mines
 38455 | Orc:1    | Found a roughly hewn altar of Beogh.
 38589 | Orc:1    | Noticed Nergalle
 38723 | Orc:1    | Killed Nergalle
 38881 | Orc:1    | Offered knowledge of Iron Shot by Vehumet.
 40019 | Orc:2    | Entered Level 2 of the Orcish Mines
 40019 | Orc:2    | Found a staircase to the Elven Halls.
 40507 | Orc:2    | Found a roughly hewn altar of Beogh.
 40545 | Orc:2    | Noticed a stone giant
 40916 | Orc:1    | Reached XP level 15. HP: 107/107 MP: 25/32
 41469 | Orc:2    | Reached skill level 10 in Dodging
 41651 | Orc:2    | Found Riss's Armour Shop.
 41651 | Orc:2    | Found Mowal's Antique Weapon Emporium.
 41653 | Orc:2    | Found Sutib's Gadget Shoppe.
 41655 | Orc:2    | Found Abruj's Antique Weapon Boutique.
 41660 | Orc:2    | Bought a +2 robe of resistance for 452 gold pieces
 41852 | Orc:2    | Found Awnuceh's Armour Boutique.
 41860 | Orc:2    | Bought a +1 cloak of invisibility for 198 gold pieces
 41899 | Orc:2    | Reached ****** piety under Vehumet
 42709 | D:13     | Offered knowledge of Iskenderun's Battlesphere by Vehumet.
 42996 | D:13     | Reached skill level 10 in Evocations
 43600 | D:13     | Found a gate to the Vaults.
 44317 | D:14     | Found Xemeamubb's Gadget Shoppe.
 44610 | D:14     | Bought a wand of paralysis (5) for 133 gold pieces
 44610 | D:14     | Bought a wand of iceblast (7) for 209 gold pieces
 44610 | D:14     | Bought a wand of acid (9) for 494 gold pieces
 44610 | D:14     | Bought a wand of iceblast (7) for 209 gold pieces
 44686 | D:14     | Noticed Roxanne
 45518 | D:14     | Killed Roxanne
 45518 | D:14     | Reached skill level 14 in Spellcasting
 45520 | D:14     | Identified Roxanne's Disquisition on the Mountains (You took it off Roxanne on level 14 of the Dungeon)
 45657 | D:15     | Entered Level 15 of the Dungeon
 46410 | D:15     | Offered knowledge of Freezing Cloud by Vehumet.
 49069 | D:15     | Found the +3 giant club "Skullcrusher" {speed, Str+7}
 49102 | D:15     | Learned a level 6 spell: Freezing Cloud
 49763 | D:15     | Found a staircase to the Depths.
 49764 | D:15     | Noticed a fire giant
 49773 | D:15     | Killed a fire giant
 50749 | Swamp:1  | Entered Level 1 of the Swamp
 50749 | Swamp:1  | Noticed a thorn hunter
 50786 | Lair:3   | Killed a thorn hunter
 50786 | Lair:3   | Reached skill level 1 in Ice Magic
 51168 | Lair:3   | Reached XP level 16. HP: 101/118 MP: 26/34
 52685 | Swamp:1  | Offered knowledge of Ozocubu's Refrigeration by Vehumet.
 52693 | Swamp:1  | Learned a level 6 spell: Ozocubu's Refrigeration
 53834 | Swamp:2  | Noticed Kirke
 53987 | Swamp:2  | Killed Kirke
 59408 | Swamp:4  | Entered Level 4 of the Swamp
 59417 | Swamp:3  | Reached skill level 15 in Spellcasting
 59493 | Swamp:4  | Offered knowledge of Poison Arrow by Vehumet.
 61358 | Swamp:4  | Got a decaying rune of Zot
 62153 | Swamp:4  | Reached skill level 10 in Fighting
 62240 | Swamp:4  | Reached XP level 17. HP: 128/128 MP: 12/36
 63361 | Lair:1   | Learned a level 6 spell: Simulacrum
 63537 | Snake:1  | Entered Level 1 of the Snake Pit
 63851 | Snake:1  | Reached skill level 5 in Ice Magic
 64552 | Snake:1  | Found Seareul's Assorted Antiques.
 64556 | Snake:1  | Found Iviafrupt's Weapon Emporium.
 64562 | Snake:1  | Bought an encrusted wooden wand for 140 gold pieces
 64880 | Snake:1  | Noticed Agnes
 64893 | Snake:1  | Killed Agnes
 66278 | Snake:2  | Found a shimmering altar of Xom.
 69934 | Snake:4  | Entered Level 4 of the Snake Pit
 70106 | Snake:4  | Reached skill level 10 in Ice Magic
 71389 | Snake:4  | Found Piano's Weapon Shoppe.
 71687 | Snake:4  | Reached XP level 18. HP: 129/134 MP: 18/37
 72250 | Snake:4  | Learned a level 6 spell: Poison Arrow
 72470 | Snake:4  | Reached skill level 1 in Poison Magic
 73687 | Snake:4  | Reached skill level 1 in Air Magic
 74452 | Snake:4  | Reached skill level 10 in Conjurations
 75077 | Snake:4  | Got a serpentine rune of Zot
 75254 | Snake:4  | Bought the +5 whip "Ciun" {venom, Int+8 Dex-3} for 546 gold pieces
 75542 | Elf:1    | Entered Level 1 of the Elven Halls
 76651 | Elf:1    | Offered knowledge of Lehudib's Crystal Spear by Vehumet.
 76651 | Elf:1    | Offered knowledge of Fire Storm by Vehumet.
 76651 | Elf:1    | Offered knowledge of Glaciate by Vehumet.
 77504 | Elf:1    | Learned a level 6 spell: Iron Shot
 78154 | Elf:2    | Found Poohantysm's Antique Armour Boutique.
 78161 | Elf:2    | Bought an ichor-stained robe for 142 gold pieces
 78161 | Elf:2    | Identified the cursed +0 robe "Kig Loefunwu" {rF+ Str+2 Stlth+} (You bought it in a shop on level 2 of the Elven Halls)
 78454 | Elf:2    | Reached skill level 16 in Spellcasting
 78539 | Elf:2    | Found a runed gate.
 78539 | Elf:2    | Found a runed gate.
 78540 | Elf:2    | Found a runed gate.
 78544 | Elf:2    | Reached XP level 19. HP: 128/140 MP: 30/39
 80820 | Elf:3    | Entered Level 3 of the Elven Halls
 82333 | Elf:3    | Found Yxtiolao's Armour Emporium.
 83172 | Elf:3    | Reached skill level 10 in Fire Magic
 84978 | Elf:3    | Got a translucent steel ring
 85101 | Elf:3    | Identified the ring of Xom's Fair Game {Wiz +Fly SInv} (You took it off a deep elf mage on level 3 of the Elven Halls)
 85233 | Elf:3    | HP: 6/140 [deep elf archer/arrow (24)]
 85233 | Elf:3    | HP: 1/140 [deep elf archer/arrow (5)]
 86332 | Elf:3    | Got a sparkling amber ring
 86511 | Elf:3    | Got an iridescent longbow {venom}
 86512 | Elf:3    | Identified the cursed ring of Zump {AC-2 Int+5} (You took it off a deep elf demonologist on level 3 of the Elven Halls)
 86518 | Elf:3    | Identified the +5 longbow "Jetwu" {venom, rElec MR+ Dex-4 SInv} (You took it off a deep elf archer on level 3 of the Elven Halls)
 86555 | Elf:3    | Identified Further Steps in Spellweaving
 86598 | Elf:3    | Found the +2 ratskin cloak {+Rats rPois rN+ Str-1 Int-1 Dex+1}
 86629 | Elf:3    | Learned a level 2 spell: Swiftness
 86629 | Elf:3    | Identified the Catalogue of Feathers and Black Magic
 86652 | Elf:3    | Got a twisted arbalest
 86653 | Elf:3    | Identified the +6 arbalest of the Places {freeze, +Inv Int+4 Dex+4} (You found it on level 3 of the Elven Halls)
 86897 | Lair:1   | Learned a level 6 spell: Deflect Missiles
 87364 | Depths:1 | Entered Level 1 of the Depths
 87520 | Depths:1 | Reached skill level 17 in Spellcasting
 87555 | Depths:1 | Reached XP level 20. HP: 99/147 MP: 40/41
 88347 | Depths:1 | Found the brooch of Shielding {Reflect SH+8}
 89083 | Depths:1 | Found the +10 morningstar "Eos" {elec, Halo rElec}
 89217 | Depths:1 | Found a one-way gate leading to the halls of Pandemonium.
 89883 | Depths:1 | Found a gateway to Hell.
 91133 | Depths:3 | Found Olufesch's Antique Armour Shop.
 91137 | Depths:3 | Found a one-way gate to the infinite horrors of the Abyss.
 91794 | Depths:3 | Found a gateway to a ziggurat.
 94940 | Depths:2 | Noticed a golden dragon
 95031 | Depths:2 | Killed a golden dragon
 95195 | Depths:2 | Got a shimmering robe
 95201 | Depths:2 | Identified Urghatufe's Incunabulum of the Birds and Companions
 95551 | Depths:3 | Reached skill level 18 in Spellcasting
 95561 | Depths:3 | Reached XP level 21. HP: 153/153 MP: 22/43
 95711 | Depths:2 | Learned a level 9 spell: Fire Storm
 95792 | Depths:3 | Noticed Saint Roka
 95803 | Depths:3 | Killed Saint Roka
 96198 | Depths:3 | Noticed Baghtru's ghost (veteran HOFi)
 98776 | Depths:4 | Found a huge runed gate.
 98776 | Depths:4 | Found a huge runed gate.
 98778 | Depths:4 | Found a huge runed gate.
 98778 | Depths:4 | Found a huge runed gate.
 98779 | Depths:4 | Found a huge runed gate.
 98780 | Depths:4 | Found a huge runed gate.
 98781 | Depths:4 | Found a huge runed gate.
 98851 | Depths:4 | Found a huge runed gate.
 98853 | Depths:4 | Found a huge runed gate.
 98853 | Depths:4 | Found a huge runed gate.
 98853 | Depths:4 | Found a huge runed gate.
 98853 | Depths:4 | Found a huge runed gate.
 98854 | Depths:4 | Found a huge runed gate.
 98855 | Depths:4 | Found a huge runed gate.
 98878 | Depths:4 | Found a huge runed gate.
 98879 | Depths:4 | Found a huge runed gate.
 98880 | Depths:4 | Found a huge runed gate.
 98906 | Depths:4 | Found a huge runed gate.
 98906 | Depths:4 | Found a huge runed gate.
 98909 | Depths:4 | Found a huge runed gate.
 98909 | Depths:4 | Found a huge runed gate.
 98910 | Depths:4 | Found a huge runed gate.
 98923 | Depths:4 | Noticed Jory
 98960 | Depths:4 | Killed Jory
 99225 | Depths:4 | Noticed a caustic shrike
 99239 | Depths:4 | Killed a caustic shrike
 99359 | Depths:4 | Noticed a golden dragon
 99363 | Depths:4 | Noticed a caustic shrike
 99374 | Depths:4 | Killed a caustic shrike
 99375 | Depths:4 | Killed a golden dragon
 99862 | Depths:4 | Noticed a caustic shrike
 99868 | Depths:4 | Killed a caustic shrike
100095 | Depths:4 | Noticed a golden dragon
100099 | Depths:4 | Noticed a golden dragon
100099 | Depths:4 | Killed a golden dragon
100211 | Depths:4 | Killed a golden dragon
100211 | Depths:4 | Reached skill level 15 in Conjurations
100354 | Depths:4 | Noticed a caustic shrike
100358 | Depths:4 | Killed a caustic shrike
100424 | Depths:4 | Noticed a caustic shrike
100825 | Depths:4 | Found a huge runed gate.
100826 | Depths:4 | Found a huge runed gate.
101323 | Depths:4 | Killed a caustic shrike
101324 | Depths:4 | Identified the +2 robe of Baos {+Blink rN+ Dex-4} (You found it on level 2 of the Depths)
101498 | Depths:4 | Got a transparent scale mail
101499 | Depths:4 | Identified the +1 scale mail "Vesmoril" {Dex+3} (You acquired it on level 4 of the Depths)
101526 | Depths:4 | Noticed Jorgrun
101545 | Depths:4 | Killed Jorgrun
101545 | Depths:4 | Reached XP level 22. HP: 159/159 MP: 7/44
101860 | Depths:4 | Reached skill level 19 in Spellcasting
102479 | Depths:4 | Found a huge runed gate.
102479 | Depths:4 | Found a huge runed gate.
102480 | Depths:4 | Found a huge runed gate.
102481 | Depths:4 | Found a huge runed gate.
102482 | Depths:4 | Found a huge runed gate.
102483 | Depths:4 | Found a huge runed gate.
102796 | Depths:4 | Identified the +10 demon blade "Miyamura's Doom" {venom, MP-9 Int+4} (You took it off a tengu reaver on level 4 of the Depths)
102897 | Depths:4 | Found a corrupted altar of Lugonu.
103068 | Depths:4 | Found a huge runed gate.
103069 | Depths:4 | Found a huge runed gate.
103198 | Depths:4 | Got a scorched shield
103209 | Depths:4 | Identified the +7 shield "Coghouf" {Dex+3} (You found it on level 4 of the Depths)
103232 | Depths:5 | Entered Level 5 of the Depths
103784 | Depths:5 | HP: 7/159 [deep troll (31)]
103784 | Depths:5 | Slain by a deep troll

Skill      XL: |  1  2  3  4  5  6  7  8  9 10 11 12 13 14 15 16 17 18 19 20 21 22 |
---------------+-------------------------------------------------------------------+-----
Conjurations   | 1 2 3 4 5 6 7 9 11 12 14 15 | 15.6
Spellcasting   | 3 4 5 6 7 8 9 10 12 13 14 15 16 17 18 19 | 19.1
Stealth        | 2 3 |  3.0
Shields        | 1 2 3 4 |  4.5
Fire Magic     | 3 4 5 6 7 8 11 12 14 | 14.5
Evocations     | 1 2 4 5 6 7 8 9 10 11 | 11.6
Dodging        | 2 4 5 6 7 8 9 10 11 | 11.7
Summonings     | 1 3 |  3.9
Earth Magic    | 4 |  4.4
Fighting       | 4 6 8 10 | 10.1
Necromancy     | 3 6 8 |  8.7
Ice Magic      | 1 4 10 | 10.0
Poison Magic   | 4 |  4.6
Air Magic      | 4 |  4.5

Action                   |  1- 3 |  4- 6 |  7- 9 | 10-12 | 13-15 | 16-18 | 19-21 | 22-24 || total
-------------------------+-------+-------+-------+-------+-------+-------+-------+-------++-------
Melee: Whip              |    80 |   161 |   268 |       |       |       |       |       ||   509
       Spear             |       |       |    33 |       |       |       |       |       ||    33
       Staff             |       |       |       |    26 |    65 |    93 |    28 |       ||   212
       Scimitar          |       |       |       |       |       |       |    33 |     1 ||    34
Throw: Stone             |       |       |       |       |     2 |       |     2 |       ||     4
 Cast: Flame Tongue      |     8 |    39 |   179 |   540 |   314 |   134 |       |       ||  1214
       Throw Flame       |       |       |    20 |       |       |     1 |       |       ||    21
       Sticky Flame      |       |       |     6 |    74 |   343 |   178 |    27 |     6 ||   634
       Call Imp          |       |       |       |    61 |     4 |       |       |       ||    65
       Magic Dart        |       |       |       |   113 |    41 |       |       |       ||   154
       Sandblast         |       |       |       |    21 |     6 |   106 |       |       ||   133
       Mephitic Cloud    |       |       |       |    36 |     5 |       |     1 |       ||    42
       Blink             |       |       |       |     2 |     7 |    23 |    12 |       ||    44
       Fireball          |       |       |       |    38 |   302 |   217 |    44 |     2 ||   603
       Bolt of Draining  |       |       |       |       |   163 |   463 |   257 |    17 ||   900
       Freezing Cloud    |       |       |       |       |       |    46 |   130 |       ||   176
       Ozocubu's Refrige |       |       |       |       |       |    18 |     3 |       ||    21
       Simulacrum        |       |       |       |       |       |     7 |       |       ||     7
       Poison Arrow      |       |       |       |       |       |    13 |   147 |     5 ||   165
       Iron Shot         |       |       |       |       |       |    10 |   184 |    16 ||   210
       Deflect Missiles  |       |       |       |       |       |       |     6 |       ||     6
       Fire Storm        |       |       |       |       |       |       |    52 |     8 ||    60
 Abil: Evoke Flight      |       |       |       |       |       |       |     5 |     2 ||     7
Evoke: Wand              |       |       |     3 |    16 |    20 |    19 |    33 |     5 ||    96
       Staff of Wucad Mu |       |       |     2 |       |    24 |    51 |    15 |    13 ||   105
       Lightning rod     |       |       |       |     8 |       |       |     7 |       ||    15
       Sack of spiders   |       |       |       |       |     1 |       |     1 |       ||     2
       Lamp of fire      |       |       |       |       |       |       |     1 |       ||     1
       Fan of gales      |       |       |       |       |       |       |     2 |       ||     2
  Use: Scroll            |     1 |     5 |    10 |     9 |     9 |    16 |    33 |     2 ||    85
 Stab: Sleeping          |     1 |     5 |     2 |       |     1 |       |       |       ||     9
       Paralysed         |       |       |       |       |       |       |    26 |       ||    26
Armor: Robe              |    34 |    22 |       |       |    51 |   118 |    45 |    17 ||   287
       Leather armour    |       |     7 |       |       |       |       |       |       ||     7
       Ring mail         |       |     9 |   181 |   184 |   155 |       |       |       ||   529
       Troll leather arm |       |       |       |       |    12 |       |       |       ||    12
Dodge: Dodged            |    72 |   114 |   231 |   281 |   647 |   783 |   208 |    49 ||  2385
       Deflected         |       |       |       |       |       |       |    27 |     4 ||    31
Block: Buckler           |    12 |    28 |   125 |   115 |   169 |   204 |   184 |    59 ||   896
       Reflection        |       |       |       |       |       |       |    32 |    14 ||    46
       Rpst.: Scimitar   |       |       |       |       |       |       |     8 |     1 ||     9
